 Dungeon Crawl Stone Soup version 0.30.2 (webtiles) character file.

Game seed: 15140898375189721328

183 porpoise the Trooper (level 5, -2/42 HPs)
             Began as a Demonspawn Fighter on Mar 28, 2024.
             Slain by a gnoll
             ... wielding a +2 flail of protection
             ... led by a gnoll bouda
              (9 damage)
             ... on level 4 of the Dungeon.
             The game lasted 00:09:48 (2943 turns).

porpoise the Trooper (Demonspawn Fighter)           Turns: 2943, Time: 00:09:48

Health: -2/42      AC:  6    Str: 18    XL:     5   Next: 35%
Magic:  5/5        EV:  9    Int:  9    God:
Gold:   130        SH:  6    Dex: 13    Spells: 4/4 levels left

rFire   . . .        a - +0 war axe
rCold   . . .        c - +1 buckler
rNeg    . . .        i - +0 scale mail
rPois   .            (no helmet)
rElec   .            (no cloak)
rCorr   +            (no gloves)
SInv    .            (no boots)
Will    .....        e - amulet of regeneration Stlth
                     j - ring of resist corrosion
HPRegen 1.07/turn    (no ring)
MPRegen 0.09/turn

%: no passive effects
@: no status effects
A: foul stench 1, sturdy frame 1, demonic magic 1
a: no special abilities


You were on level 4 of the Dungeon.
You visited 1 branch of the dungeon, and saw 4 of its levels.

You collected 130 gold pieces.

Inventory:

Hand Weapons
 a - a +0 war axe (weapon)
 b - the +8 sling of Tomooff {flame, rC+}
   (You found it on level 4 of the Dungeon)

   rC:        It protects you from cold.
 w - the +6 falchion "Hegg" {drain, Will+++}
   (You found it on level 2 of the Dungeon)

   Will:      It greatly increases your willpower.
Armour
 c - a +1 buckler (worn)
 i - a +0 scale mail (worn)
Jewellery
 e - an amulet of regeneration (around neck)
 j - a ring of resist corrosion (left hand)
 u - the amulet of Elemental Vulnerability {rPois rF-- rC-- AC+8}
   (You found it on level 3 of the Dungeon)

   [amulet of nothing]

   AC:        It affects your AC (+8).
   rF:        It makes you very vulnerable to fire.
   rC:        It makes you very vulnerable to cold.
   rPois:     It protects you from poison.
Wands
 r - a wand of acid (6)
Scrolls
 f - a scroll of vulnerability
 h - 2 scrolls of enchant armour
 k - a scroll of amnesia
 n - a scroll of teleportation
 s - a scroll of poison
Potions
 d - a potion of might
 g - 2 potions of attraction {unknown}
 l - 3 potions of curing
 m - 3 potions of heal wounds {unknown}
 o - a potion of brilliance {unknown}
 v - 2 potions of haste {unknown}


   Skills:
 + Level 4.0 Fighting
 * Level 3.8 Axes
 - Level 2.6 Armour
 + Level 3.6 Shields


You had 4 spell levels left.
You didn't know any spells.
Your spell library contained the following spells:

 Spells                   Type           Power      Damage    Failure   Level
 Blink                    Tloc           0%         N/A       85%         2
 Lesser Beckoning         Tloc           0%         N/A       85%         2
 Momentum Strike          Conj/Tloc      0%         3d8       85%         2
 Summon Forest            Summ/Tloc      0%         N/A       100%        5
 Eringya's Noxious Bog    Tmut/Pois      0%         N/A       100%        6
 Summon Hydra             Summ           0%         N/A       100%        7


Dungeon Overview and Level Annotations

Branches:
Dungeon (4/15)
 Temple: D:4-7

Altars:
Wu Jian


Innate Abilities, Weirdness & Mutations

You may rarely emit foul miasma when damaged in melee.
Your movements are slightly less encumbered by armour. (ER -2)
Spells you cast may paralyse adjacent enemies.


Message History

A gnoll comes into view.
It is wielding a +2 flail of protection.
Found 13 gold pieces.
The gnoll shouts!
You hear the brisk hiss of a very distant avalanche of sand.
You see here 13 gold pieces.
Found 11 gold pieces.
You see here 11 gold pieces.
You closely miss the gnoll. The gnoll barely misses you.
You barely miss the gnoll. The gnoll barely misses you.
The gnoll hits you with a +0 flail.
You barely miss the gnoll. The gnoll closely misses you.
You completely miss the gnoll. The gnoll closely misses you.
You hit the gnoll but do no damage. You block the gnoll's attack.
The gnoll hits you with a +0 flail.
You hit the gnoll.
The gnoll is lightly wounded.
The gnoll hits you with a +0 flail.
You emit a cloud of foul miasma!
You slash the gnoll!
You kill the gnoll!
The gnoll hits you with a +2 flail of protection!
You see here a +0 flail.
You barely miss the gnoll. The gnoll barely misses you.
The gnoll hits you with a +2 flail of protection!
* * * LOW HITPOINT WARNING * * *
You are too injured to fight recklessly!
The gnoll attacks as you move away!
The gnoll hits you with a +2 flail of protection!
* * * LOW HITPOINT WARNING * * *
You see here 11 gold pieces.
You closely miss the gnoll.
The gnoll hits you with a +2 flail of protection.
* * * LOW HITPOINT WARNING * * *
You slash the gnoll!
The gnoll is severely wounded.
The gnoll hits you with a +2 flail of protection!
* * * LOW HITPOINT WARNING * * *
You completely miss the gnoll.
The gnoll is severely wounded.
The gnoll hits you with a +2 flail of protection!
You die...

♣♣~P♣ #.......#
#..# ♣.~♣♣
######### #..#
♣♣.♣ #...
###.##### ##.#
######.......# #.#
#......#####.# #.#
#......### #.#
####### ########..
#........# #.#
#.....# #$........
#......#.###.# #@#
#.###.##...#..
#...†........# #g#
#.$)..........
....####.#####
#g###.###.#.......
##### #..# #...g.#
#.#....... #.##
###.### #.##...#..
#.# #.# #...^.....
#.# #.. ########..
#.# ###. #
#####.##### .#


You could see 2 gnolls.

Vanquished Creatures
  A sky beast (D:4)
  An adder (D:2)
  A gnoll (D:4)
  2 dart slugs (D:4)
  3 orcs
  10 ball pythons
  4 endoplasms
  A giant cockroach (D:1)
  4 goblins
  7 hobgoblins
  3 jackals (D:1)
  A quokka (D:4)
  6 bats
  6 frilled lizards
  10 kobolds
  4 rats
64 creatures vanquished.

Notes
Turn   | Place    | Note
-------+----------+-------------------------------------------
     0 | D:1      | porpoise the Demonspawn Fighter began the quest for the
                  | Orb.
     0 | D:1      | Reached XP level 1. HP: 18/18 MP: 1/1
    95 | D:1      | Gained mutation: Spells you cast may paralyse adjacent
                  | enemies. [demonic ancestry]
    95 | D:1      | Reached XP level 2. HP: 24/24 MP: 2/2
   930 | D:2      | Identified the +6 falchion "Hegg" {drain, Will+++}
   949 | D:2      | You fall into a shaft and drop 1 floor!
  1097 | D:2      | Gained mutation: You may rarely emit foul miasma when
                  | damaged in melee. [demonic ancestry]
  1097 | D:2      | Reached XP level 3. HP: 25/29 MP: 3/3
  2045 | D:3      | Found the amulet of Elemental Vulnerability {rPois rF--
                  | rC-- AC+8}
  2625 | D:4      | Reached XP level 4. HP: 35/35 MP: 4/4
  2652 | D:4      | Identified the +8 sling of Tomooff {flame, rC+}
  2715 | D:4      | Noticed a sky beast
  2726 | D:4      | Killed a sky beast
  2727 | D:4      | Gained mutation: Your movements are slightly less
                  | encumbered by armour. (ER -2) [demonic ancestry]
  2727 | D:4      | Reached XP level 5. HP: 11/42 MP: 5/5
  2849 | D:4      | Reached skill level 4 in Fighting
  2854 | D:4      | Found an ornate altar of the Wu Jian Council.
  2943 | D:4      | Slain by a gnoll

Illustrated notes

Levels and vault maps discovered:
D:1:      sevenhm_arrival_forest_fort_large_4, layout_rooms
D:2:      layout_loops_ring, nrook_loot_triangle,
          minmay_misc_feat_secret_circle, minmay_pentomino_pile
D:3:      layout_basic, kennysheep_big_empty_room,
          nicolae_concentric_dashed_squares_wild, kennysheep_crisscross,
          kennysheep_generic_room_3
D:4:      layout_loops_corners, nzn_wu_jian_contemplation, enter_ossuary_1,
          serial_bayou_crossing

Skill      XL: |  1  2  3  4  5 |
---------------+----------------+-----
Axes           | 2 3 |  3.8
Shields        | 3 |  3.6
Fighting       | 4 |  4.0
Armour         | |  2.6

Action                     |  1- 3 |  4- 6 || total
---------------------------+-------+-------++-------
  Melee: War axe           |   159 |    27 ||   186
   Fire: Sling             |       |     5 ||     5
    Use: Scroll            |     9 |       ||     9
 Armour: Scale mail        |    82 |     5 ||    87
  Dodge: Dodged            |    76 |    11 ||    87
  Block: Buckler           |    40 |     5 ||    45
